 Dungeon Crawl Stone Soup version 0.31-a0-1603-gbec6b6ccbf (webtiles) character file.

Game seed: 12209554652265143934

123 MisterAzrael the Trooper (level 5, -4/47 HPs)
             Began as a Hill Orc Fighter on Jan 8, 2024.
             Killed from afar by Ijyb (17 damage)
             ... with a bolt of light
             ... on level 4 of the Dungeon.
             The game lasted 00:02:37 (2559 turns).

MisterAzrael the Trooper (Hill Orc Fighter)         Turns: 2559, Time: 00:02:38

Health: -4/47      AC:  7    Str: 21    XL:     5   Next: 7%
Magic:  5/5        EV:  9    Int:  8    God:
Gold:   154        SH:  9    Dex: 10    Spells: 4/4 levels left

rFire   . . .        a - +0 war axe
rCold   . . .        c - +0 buckler
rNeg    . . .        b - +0 scale mail
rPois   .            (no helmet)
rElec   .            (no cloak)
rCorr   .            (no gloves)
SInv    .            (no boots)
Will    .....        l - amulet of reflection Stlth
                     (no ring)
HPRegen 0.27/turn    (no ring)
MPRegen 0.09/turn

%: reflection
@: no status effects
A: no striking features
a: no special abilities


You were on level 4 of the Dungeon.
You visited 1 branch of the dungeon, and saw 4 of its levels.

You collected 154 gold pieces.

Inventory:

Hand Weapons
 a - a +0 war axe (weapon)
Armour
 b - a +0 scale mail (worn)
 c - a +0 buckler (worn)
Jewellery
 l - an amulet of reflection (around neck)
 p - a ring of magical power
Scrolls
 f - 5 scrolls of identify {unknown}
 g - a scroll of silence {unknown}
 k - 3 scrolls of teleportation {unknown}
 m - a scroll of enchant weapon {unknown}
 n - 2 scrolls of fog {unknown}
 r - 2 scrolls of immolation {unknown}
 s - a scroll of summoning {unknown}
Potions
 d - a potion of might
 e - a potion of lignification {unknown}
 h - a potion of haste {unknown}
 i - 2 potions of degeneration {unknown}
 j - 2 potions of curing {unknown}
 o - a potion of berserk rage {unknown}
 q - a potion of enlightenment {unknown}


   Skills:
 + Level 4.5 Fighting
 + Level 4.0 Axes
 + Level 4.1 Armour
 + Level 4.2 Shields


You had 4 spell levels left.
You didn't know any spells.
Your spell library contained the following spells:

 Spells                   Type           Power      Damage    Failure   Level
 Call Canine Familiar     Summ           0%         N/A       99%         3
 Sigil of Binding         Hex            0%         N/A       99%         3
 Tukima's Dance           Hex            0%         N/A       99%         3
 Dimensional Bullseye     Hex/Tloc       0%         N/A       100%        4
 Passage of Golubria      Tloc           0%         N/A       100%        4
 Yara's Violent Unravell  Hex/Alch       0%         3d3       100%        5


Dungeon Overview and Level Annotations

Branches:
Dungeon (4/15)             Temple (0/1) D:4

Altars:
Sif Muna

Shops:
D:2 =   D:4 =

Annotations:
D:4 Ijyb


Message History

You block Ijyb's attack. x2
An endoplasm comes into view.
The endoplasm quivers.
You slash Ijyb!
Ijyb is severely wounded.
Ijyb zaps a wand.
The bolt of light hits you! You block the hound's attack.
You completely miss Ijyb.
Ijyb is severely wounded.
You hit the hound. You block the hound's attack. Ijyb hits you with a +0 club.
You block the hound's attack.
You barely miss Ijyb.
Ijyb is severely wounded.
You miss the hound. You block the hound's attack.
Ijyb grins evilly.
Ijyb hits you but does no damage. The hound closely misses you.
Ijyb closely misses you.
You hit Ijyb but do no damage.
Ijyb is heavily wounded.
You hit the hound. The hound closely misses you.
Ijyb zaps a wand.
The bolt of light misses you. You block the hound's attack.
You hit Ijyb but do no damage.
Ijyb is heavily wounded.
You closely miss the hound. You block the hound's attack.
You block Ijyb's attack. The hound bites you.
You slash Ijyb!
Ijyb is almost dead.
You miss the hound. The hound barely misses you. Ijyb hits you with a +0 club.
The hound bites you but does no damage. The endoplasm freezes you.
You are frozen.
Ijyb zaps a wand.
The bolt of light hits you!
You are too injured to fight recklessly!
You are too injured to fight recklessly!
You hit Ijyb but do no damage.
Ijyb is almost dead.
You barely miss the hound. You slash the endoplasm!
You kill the endoplasm!
The hound bites you.
* * * LOW HITPOINT WARNING * * *
Ijyb zaps a wand.
The bolt of light hits you!
You die...

......# ###...##....#
.###....# #...........#
.... #..####.....###..#
.... #...........# #...
.....##..........# ##..
. ....#...⌠.......####..
...................##.#.
.....##.⌠.>.⌠...........
.......@...........#....
...###gh..⌠.......###...
...........##..#.....
....##...........).....
..... #......#........<.
.... .......#..........
... ###.#..##..#.#.#.##
..# .............#..#
..............


You could see Ijyb and a hound.

Vanquished Creatures
  6 adders
  3 dart slugs
  A ribbon worm (D:2)
  7 orcs (D:3)
  6 endoplasms
  A giant cockroach (D:3)
  2 hobgoblins
  4 quokkas
  3 ball pythons
  9 bats
  4 frilled lizards
  3 goblins
  5 kobolds
  5 rats (D:1)
59 creatures vanquished.

Notes
Turn   | Place    | Note
-------+----------+-------------------------------------------
     0 | D:1      | MisterAzrael the Hill Orc Fighter began the quest for the
                  | Orb.
     0 | D:1      | Reached XP level 1. HP: 19/19 MP: 1/1
   192 | D:1      | Reached XP level 2. HP: 27/27 MP: 2/2
   705 | D:2      | Reached XP level 3. HP: 27/33 MP: 3/3
   853 | D:2      | Found a shimmering blue altar of Sif Muna.
   908 | D:2      | Found Lamus's Jewellery Shop.
  1666 | D:3      | Reached XP level 4. HP: 40/40 MP: 4/4
  2469 | D:4      | Reached XP level 5. HP: 44/47 MP: 5/5
  2515 | D:4      | Found a staircase to the Ecumenical Temple.
  2544 | D:4      | Found Juonwuto's Jewellery Shop.
  2546 | D:4      | Noticed Ijyb
  2559 | D:4      | Killed from afar by Ijyb

Illustrated notes

Levels and vault maps discovered:
D:1:      psy_arrival_radial01, layout_basic, reono_crystal_passage
D:2:      layout_basic, basic_altar, serial_shops, nicolae_lakefront_shop,
          skrybe_limestone_x
D:3:      layout_basic, minmay_pentangle
D:4:      layout_cave_pools, temple_fountains, serial_shops, shop, uniq_sigmund,
          uniq_robin, uniq_ijyb

Skill      XL: |  1  2  3  4 |
---------------+-------------+-----
Axes           | 3 4 |  4.0
Fighting       | 4 |  4.5
Shields        | 4 |  4.2
Armour         | 4 |  4.1

Action                     |  1- 3 |  4- 6 || total
---------------------------+-------+-------++-------
  Melee: War axe           |   102 |    87 ||   189
 Armour: Scale mail        |    77 |    47 ||   124
  Dodge: Dodged            |    53 |    39 ||    92
  Block: Buckler           |    30 |    47 ||    77
         Reflection        |       |     2 ||     2

Table legend: (Time is in decaauts)
 A = Elapsed time spent in this place.
 B = Non-inter-level travel time spent in this place.
 C = Inter-level travel time spent in this place.
 D = Time resting spent in this place.
 E = Time spent auto-exploring this place.
 F = Levels seen in this place.
 G = Mean time per level.
                   A        B        C        D        E       F      G
               +--------+--------+--------+--------+--------+-----+--------+
         Total |   2625 |   2568 |     57 |     32 |   2091 |   4 |  656.2 |
       Dungeon |   2625 |   2568 |     57 |     32 |   2091 |   4 |  656.2 |
               +--------+--------+--------+--------+--------+-----+--------+

Top non-repeatable levels by time:
     D:3: 941 daAuts
     D:2: 873 daAuts
     D:1: 701 daAuts
     D:4: 107 daAuts
